 Dungeon Crawl Stone Soup version 0.29-a0-330-g52719c12eb (webtiles) character file.

Game seed: 9273613308468472298

485 Crownlay the Digger (level 7, 0/41 HPs)
             Began as an Octopode Earth Elementalist on May 12, 2022.
             Succumbed to a scorpion's poison
             ... on level 4 of the Dungeon.
             The game lasted 00:07:38 (3661 turns).

Crownlay the Digger (Octopode Earth Elementalist)   Turns: 3661, Time: 00:07:38

Health: 0/41       AC:  3    Str:  7    XL:     7   Next: 13%
Magic:  2/12       EV: 13    Int: 19    God:
Gold:   197        SH:  0    Dex: 13    Spells: 8/12 levels left

rFire   . . .      SeeInvis .   a - +0 short sword
rCold   . . .      Faith    .   (no shield)
rNeg    . . .      Spirit   .   (helmet restricted)
rPois   +          Reflect  .   (no amulet)
rElec   .          Harm     .   e - ring of poison resistance
rCorr   .          Rampage  .   (no ring)
Will    .....      Clarity  +   (no ring)
Stlth   +++.......              (no ring)
HPRegen 0.13/turn               (no ring)
MPRegen 0.13/turn               (no ring)
                                (no ring)
                                (no ring)

@: lethally poisoned (0 -> -6)
A: almost no armour, amphibious, 8 rings, camouflage 1, gelatinous body 1,
(nimble swimmer 1), tentacles, iridescent scales 1, clarity, mutation resistance
1, wild magic 1
a: no special abilities


You were on level 4 of the Dungeon.
You visited 1 branch of the dungeon, and saw 4 of its levels.

You collected 197 gold pieces.

Inventory:

Hand Weapons
 a - a +0 short sword (weapon)
Jewellery
 e - a ring of poison resistance (left tentacle)
Scrolls
 c - a scroll of noise {unknown}
 d - 3 scrolls of identify {unknown}
 i - a scroll of vulnerability {unknown}
 k - a scroll of torment {unknown}
 l - a scroll of magic mapping {unknown}
 m - a scroll of teleportation {unknown}
Potions
 b - a potion of magic
 f - 2 potions of degeneration {unknown}
 g - a potion of lignification {unknown}
 h - 2 potions of mutation
 j - a potion of attraction {unknown}


   Skills:
 - Level 2.0 Dodging
 - Level 2.6 Stealth
 + Level 3.4 Spellcasting
 + Level 2.9 Conjurations
 - Level 1.0 Transmutations
 + Level 6.4 Earth Magic


You had 8 spell levels left.
You knew the following spells:

 Your Spells              Type           Power      Damage    Failure   Level
a - Sandblast             Erth           70%        2d15      2%          1
b - Stone Arrow           Conj/Erth      54%        3d10      10%         3

Your spell library contained the following spells:

 Spells                   Type           Power      Damage    Failure   Level
 Passwall                 Tmut/Erth      18%        N/A       8%          2
 Ensorcelled Hibernation  Hex/Ice        8%         N/A       30%         2
 Dazzling Flash           Conj/Hex       22%        N/A       32%         3
 Petrify                  Tmut/Erth      22%        N/A       41%         4
 Spider Form              Tmut/Pois      6%         N/A       43%         3
 Iskenderun's Mystic Bla  Conj/Tloc      11%        2d4       71%         4
 Anguish                  Hex/Necr       2%         N/A       87%         4
 Starburst                Conj/Fire      5%         6d4       100%        6


Dungeon Overview and Level Annotations

Branches:
Dungeon (4/15)
 Temple: D:4-7

Altars:

Shops:
D:1 (


Innate Abilities, Weirdness & Mutations

You cannot wear most types of armour.
You are amphibious.
You can wear up to eight rings at the same time.
Your skin changes colour to match your surroundings (Stealth+).
Your rubbery body absorbs attacks. (AC +1, EV +1)
((You are camouflaged when in or above water. (Stealth+)))
You have tentacles for arms and can constrict up to eight enemies at once.
You are partially covered in iridescent scales. (AC +2)
You possess an exceptional clarity of mind.
You are somewhat resistant to further mutation.
Your spells are a little harder to cast, but a little more powerful.


Message History

The hound bites you. x2
You hit the hound. Your grab misses the hound.
The hound is severely wounded.
The hound bites you. The hound closely misses you.
You hit the hound. Your grab misses the hound.
The hound is almost dead.
The hound barely misses you.
You hit the hound.
You kill the hound!
Casting: Stone Arrow (dangerous; 6% risk of failure)
Confirm with . or Enter, or press ? or * to list all spells.
You don't have any stones to cast with.
Casting: Sandblast (safe; 1% risk of failure)
Confirm with . or Enter, or press ? or * to list all spells.
You don't have enough magic to cast this spell.
Unknown command.
You hit the scorpion but do no damage. Your grab misses the scorpion.
The scorpion stings you!
You are poisoned.
The scorpion poisons you! The scorpion stings you!
* * * LOW HITPOINT WARNING * * *
Casting: Sandblast (safe; 1% risk of failure)
Confirm with . or Enter, or press ? or * to list all spells.
You don't have enough magic to cast this spell.
You barely miss the scorpion. You grab the scorpion.
You squeeze the scorpion, but do no damage.
You constrict the scorpion, but do no damage.
* * * LOW HITPOINT WARNING * * *
You feel very sick. The scorpion stings you.
* * * LOW HITPOINT WARNING * * *
Casting: Sandblast (safe; 1% risk of failure)
Confirm with . or Enter, or press ? or * to list all spells.
You don't have enough magic to cast this spell.
It was a potion of mutation.
You feel extremely strange.
Your thoughts seem clearer.
You feel less in control of your magic.
You feel genetically stable.
Iridescent scales grow over part of your body.
You constrict the scorpion.
You die...

.........######..#.....#
##
...†.......##..........#
..............###..##...#
..........#..##
##..###..# ##.........†##
#....##.... ##.........#
##.....#..###
#...#####..###........##
#.### #.##.........# ...
#....@##.....!# ##
#...s†.#..###...
#.........# #..
#..........# .#
#............
#............##
.........)...#
..............


You could see a scorpion.

Vanquished Creatures
  Grinder (D:3)
  A black bear (D:4)
  A hound (D:4)
  An orc priest (D:4)
  A jelly (D:4)
  Terence (D:3)
  3 adders (D:2)
  A worm (D:2)
  3 dart slugs
  2 orcs (D:4)
  4 endoplasms
  4 giant cockroaches
  5 goblins
  4 hobgoblins
  3 jackals (D:1)
  2 quokkas
  3 ball pythons
  2 bats (D:1)
  2 frilled lizards (D:2)
  4 kobolds
  4 rats
52 creatures vanquished.

Notes
Turn   | Place    | Note
-------+----------+-------------------------------------------
     0 | D:1      | Crownlay the Octopode Earth Elementalist began the quest
                  | for the Orb.
     0 | D:1      | Reached XP level 1. HP: 11/11 MP: 3/3
    22 | D:1      | Found a faded altar of an unknown god.
   141 | D:1      | Found Tubetasiwn's Weapon Shoppe.
   313 | D:1      | Reached XP level 2. HP: 12/17 MP: 0/5
   685 | D:2      | Reached skill level 4 in Earth Magic
   893 | D:2      | Reached XP level 3. HP: 19/21 MP: 2/6
  1819 | D:3      | Reached XP level 4. HP: 27/27 MP: 5/7
  2010 | D:3      | Noticed Terence
  2010 | D:3      | Noticed Grinder
  2038 | D:3      | Killed Grinder
  2039 | D:3      | Reached skill level 6 in Earth Magic
  2039 | D:3      | Reached skill level 1 in Conjurations
  2039 | D:3      | Reached XP level 5. HP: 11/31 MP: 2/9
  2039 | D:3      | Reached XP level 6. HP: 13/36 MP: 2/10
  2052 | D:3      | Learned a level 3 spell: Stone Arrow
  2804 | D:3      | Killed Terence
  3646 | D:4      | Noticed a black bear
  3651 | D:4      | Killed a black bear
  3652 | D:4      | Reached XP level 7. HP: 41/41 MP: 4/12
  3660 | D:4      | HP: 1/41 [scorpion (2)]
  3661 | D:4      | Gained mutation: You possess an exceptional clarity of
                  | mind. [potion of mutation]
  3661 | D:4      | Gained mutation: Your spells are a little harder to cast,
                  | but a little more powerful. [potion of mutation]
  3661 | D:4      | Gained mutation: You are somewhat resistant to further
                  | mutation. [potion of mutation]
  3661 | D:4      | Gained mutation: You are partially covered in iridescent
                  | scales. (AC +2) [potion of mutation]
  3661 | D:4      | Succumbed to a scorpion's poison

Illustrated notes

Levels and vault maps discovered:
D:1:      nicolae_arrival_memento_mori, layout_rooms,
          chequers_ecumenical_altar_island, serial_shops, shop
D:2:      minmay_door_path, layout_loops_ring
D:3:      layout_loops_ring, uniq_terence, uniq_grinder
D:4:      layout_layer_cave

Skill      XL: |  1  2  3  4  5  6 |
---------------+-------------------+-----
Earth Magic    | 4 6 |  6.4
Conjurations   | 1 2 |  2.9
Spellcasting   | 3 |  3.4
Dodging        | |  2.0
Stealth        | |  2.6
Transmutations | |  1.0

Action                   |  1- 3 |  4- 6 |  7- 9 || total
-------------------------+-------+-------+-------++-------
Melee: Unarmed           |     8 |    22 |       ||    30
       Tentacles         |     2 |     7 |     1 ||    10
       Constrict         |     2 |     5 |     1 ||     8
       Punch             |     1 |       |       ||     1
       Short sword       |       |       |     7 ||     7
Throw: Stone             |       |     1 |       ||     1
 Cast: Sandblast         |    36 |    14 |       ||    50
       Stone Arrow       |       |    16 |     1 ||    17
  Use: Potion            |       |       |     1 ||     1
 Stab: Sleeping          |     1 |       |       ||     1
Armor: Skin              |     2 |       |       ||     2
Dodge: Dodged            |    16 |    18 |     2 ||    36

Table legend: (Time is in decaauts)
 A = Elapsed time spent in this place.
 B = Non-inter-level travel time spent in this place.
 C = Inter-level travel time spent in this place.
 D = Time resting spent in this place.
 E = Time spent auto-exploring this place.
 F = Levels seen in this place.
 G = Mean time per level.
                   A        B        C        D        E       F      G
               +--------+--------+--------+--------+--------+-----+--------+
         Total |   3660 |   3444 |    216 |      0 |   2890 |   4 |  915.0 |
       Dungeon |   3660 |   3444 |    216 |      0 |   2890 |   4 |  915.0 |
               +--------+--------+--------+--------+--------+-----+--------+

Top non-repeatable levels by time:
     D:2: 1155 daAuts
     D:3: 1136 daAuts
     D:4: 708 daAuts
     D:1: 659 daAuts
